 Dungeon Crawl Stone Soup version 0.29.0-3-gbb0933ed62 (webtiles) character file.

Game seed: 13797457953162196231

280 Renzlar the Shield-Bearer (level 6, -8/53 HPs)
             Began as a Gnoll Fighter on Aug 25, 2022.
             Killed by nerve-wracking pain
             ... invoked by an orc priest
              (12 damage)
             ... on level 4 of the Dungeon.
             The game lasted 00:10:03 (2725 turns).

Renzlar the Shield-Bearer (Gnoll Fighter)           Turns: 2725, Time: 00:10:04

Health: -8/53      AC:  8    Str: 17    XL:     6   Next: 27%
Magic:  7/9        EV: 10    Int:  7    God:
Gold:   85         SH: 10    Dex: 12    Spells: 9/9 levels left

rFire   . . .      SeeInvis .   a - +0 war axe
rCold   . . .      Faith    .   h - +0 buckler
rNeg    . . .      Spirit   .   b - +1 scale mail
rPois   .          Reflect  +   e - +0 hat
rElec   .          Harm     .   (no cloak)
rCorr   .          Rampage  .   (no gloves)
Will    .....                   (no boots)
Stlth   ..........              k - amulet of reflection
HPRegen 0.17/turn               (no ring)
MPRegen 0.11/turn               (no ring)

@: no status effects
A: fangs 1, strong nose, distributed training
a: no special abilities


You were on level 4 of the Dungeon.
You visited 1 branch of the dungeon, and saw 4 of its levels.

You collected 85 gold pieces.

Inventory:

Hand Weapons
 a - a +0 war axe (weapon)
 c - a +0 sling
 l - the +5 spear "Ysouruc" {freeze, *Slow Str+3 SInv Stlth+}
   (You found it on level 3 of the Dungeon)

   It freezes those it strikes, dealing additional cold damage.
   It can also slow down cold-blooded creatures.
   Str:       It affects your strength (+3).
   SInv:      It lets you see invisible.
   *Slow:     It may slow you when you take damage.
   Stlth:     It makes you more stealthy.
Armour
 b - a +1 scale mail (worn)
 e - a +0 hat (worn)
 h - a +0 buckler (worn)
Jewellery
 k - an amulet of reflection (around neck)
Scrolls
 g - 2 scrolls of enchant armour
 m - a scroll of butterflies
Potions
 d - a potion of might
 f - 3 potions of flight
 i - 2 potions of curing
 j - a potion of heal wounds


   Skills:
 + Level 6.8 Fighting
 + Level 2.0 Short Blades
 + Level 2.0 Long Blades
 + Level 5.0 Axes
 + Level 2.0 Maces & Flails
 + Level 2.0 Polearms
 + Level 2.0 Staves
 + Level 2.0 Ranged Weapons
 + Level 2.0 Throwing
 + Level 6.8 Armour
 + Level 2.0 Dodging
 + Level 2.0 Stealth
 + Level 6.8 Shields
 + Level 2.0 Unarmed Combat
 + Level 2.0 Spellcasting
 + Level 1.5 Conjurations
 + Level 1.5 Hexes
 + Level 1.5 Summonings
 + Level 1.5 Necromancy
 + Level 1.5 Translocations
 + Level 1.5 Transmutations
 + Level 1.5 Fire Magic
 + Level 1.5 Ice Magic
 + Level 1.5 Air Magic
 + Level 1.5 Earth Magic
 + Level 1.5 Poison Magic
 + Level 2.1 Invocations
 + Level 2.0 Evocations


You had 9 spell levels left.
You didn't know any spells.
Your spell library contained the following spells:

 Spells                   Type           Power      Damage    Failure   Level
 Magic Dart               Conj           8%         1d3       61%         1
 Call Imp                 Summ           2%         N/A       75%         2
 Mephitic Cloud           Conj/Pois/Air  2%         N/A       93%         3
 Portal Projectile        Hex/Tloc       4%         N/A       93%         3
 Tukima's Dance           Hex            2%         N/A       93%         3
 Summon Ice Beast         Ice/Summ       2%         N/A       100%        4
 Blade Hands              Tmut           1%         N/A       100%        5
 Summon Mana Viper        Hex/Summ       2%         N/A       100%        5
 Monstrous Menagerie      Summ           1%         N/A       100%        7
 Borgnjor's Revivificati  Necr           1%         N/A       100%        8
 Necromutation            Tmut/Necr      1%         N/A       100%        8
 Death's Door             Necr           1%         N/A       100%        9


Dungeon Overview and Level Annotations

Branches:
Dungeon (4/15)
 Temple: D:4-7

Altars:
Nemelex Xobeh
Ru


Innate Abilities, Weirdness & Mutations

You have very sharp teeth.
Your uncanny sense of smell can sniff out nearby items.
Your experience applies equally to all skills.


Message History

You puncture the black bear! You freeze the black bear.
You kill the black bear!
Your Short Blades skill increases to level 2!
Your Long Blades skill increases to level 2!
Your Axes skill increases to level 5!
Your Maces & Flails skill increases to level 2!
Your Polearms skill increases to level 2!
Your Staves skill increases to level 2!
Your Ranged Weapons skill increases to level 2!
Your Throwing skill increases to level 2!
Your Dodging skill increases to level 2!
Your Stealth skill increases to level 2!
Your Unarmed Combat skill increases to level 2!
Your Spellcasting skill increases to level 2!
Your Invocations skill increases to level 2!
Your Evocations skill increases to level 2!
You have reached level 6!
You closely miss the orc priest. You block the orc priest's attack.
The +5 spear "Ysouruc" {freeze, *Slow Str+3 SInv Stlth+} stops glowing.
a - a +0 war axe (weapon)
You barely miss the orc priest.
The orc priest mumbles some strange prayers to Beogh against you.
Beogh smites you! The orc priest completely misses you.
A goblin comes into view. It is wielding a +0 dagger.
You closely miss the orc priest. You bite the orc priest.
The orc priest is lightly wounded.
You block the orc priest's attack.
You hit the orc priest.
The orc priest is lightly wounded.
The orc priest hits you with a +0 mace!
The orc priest calls upon Beogh to heal the orc priest.
The orc priest's wounds heal themselves!
Unknown command.
You closely miss the orc priest.
The orc priest calls down the wrath of Beogh upon you.
Beogh smites you!
* * * LOW HITPOINT WARNING * * *
The orc priest invokes the aid of Beogh against you.
Pain shoots through your body!
You die...

.........##..########.##..#
#.......#...# ####.##..# #
#.......#...#####........#
#.#..###.>....#........##..#
##.#..#.#...............#<...
.............o..............#
...............#.###.#..#...#
##.#.......##..# #.#.##..)#
#......oo@..# #.## #...#
##.#.########∆ .....
.........h.o.oo .....
...##.#.####### ####.# ..
...... ∆∆ . .## ### .. .


You could see 3 orc priests.

Vanquished Creatures
  A black bear (D:4)
  Terence (D:2)
  5 adders
  A river rat (D:3)
  A worm (D:2)
  3 dart slugs
  4 orcs
  3 ball pythons
  9 endoplasms
  10 giant cockroaches
  8 goblins
  8 hobgoblins
  13 jackals
  2 quokkas
  4 bats
  8 frilled lizards
  6 kobolds
  4 rats
91 creatures vanquished.

Vanquished Creatures (others)
  A plant (D:2)
1 creature vanquished.

Grand Total: 92 creatures vanquished

Notes
Turn   | Place    | Note
-------+----------+-------------------------------------------
     0 | D:1      | Renzlar the Gnoll Fighter began the quest for the Orb.
     0 | D:1      | Reached XP level 1. HP: 23/23 MP: 1/1
   136 | D:1      | Reached XP level 2. HP: 29/29 MP: 2/2
   452 | D:1      | Reached XP level 3. HP: 35/35 MP: 3/3
   514 | D:1      | Reached skill level 1 in Invocations
   808 | D:1      | Reached skill level 1 in Short Blades
   808 | D:1      | Reached skill level 1 in Long Blades
   808 | D:1      | Reached skill level 1 in Maces & Flails
   808 | D:1      | Reached skill level 1 in Polearms
   808 | D:1      | Reached skill level 1 in Staves
   808 | D:1      | Reached skill level 1 in Ranged Weapons
   808 | D:1      | Reached skill level 1 in Throwing
   808 | D:1      | Reached skill level 1 in Dodging
   808 | D:1      | Reached skill level 1 in Stealth
   808 | D:1      | Reached skill level 1 in Unarmed Combat
   808 | D:1      | Reached skill level 1 in Spellcasting
   808 | D:1      | Reached skill level 1 in Evocations
   928 | D:2      | Noticed Terence
   946 | D:2      | Reached XP level 4. HP: 38/41 MP: 5/5
   958 | D:2      | Killed Terence
   959 | D:2      | Reached skill level 1 in Conjurations
   959 | D:2      | Reached skill level 1 in Hexes
   959 | D:2      | Reached skill level 1 in Summonings
   959 | D:2      | Reached skill level 1 in Necromancy
   959 | D:2      | Reached skill level 1 in Translocations
   959 | D:2      | Reached skill level 1 in Transmutations
   959 | D:2      | Reached skill level 1 in Fire Magic
   959 | D:2      | Reached skill level 1 in Ice Magic
   959 | D:2      | Reached skill level 1 in Air Magic
   959 | D:2      | Reached skill level 1 in Earth Magic
   959 | D:2      | Reached skill level 1 in Poison Magic
  1251 | D:2      | Reached XP level 5. HP: 47/47 MP: 7/7
  1281 | D:2      | Found a faded altar of an unknown god.
  1357 | D:2      | Found a sparkling altar of Nemelex Xobeh.
  1581 | D:3      | Found a sacrificial altar of Ru.
  2242 | D:3      | Identified the +5 spear "Ysouruc" {freeze, *Slow Str+3 SInv
                  | Stlth+}
  2702 | D:4      | Noticed a black bear
  2719 | D:4      | Killed a black bear
  2720 | D:4      | Reached skill level 5 in Axes
  2720 | D:4      | Reached XP level 6. HP: 34/53 MP: 7/9
  2725 | D:4      | Killed from afar by an orc priest

Illustrated notes

Levels and vault maps discovered:
D:1:      dpeg_arrival_refuge, layout_basic, hex_large, st_stairs_7
D:2:      layout_rooms, basic_altar, shapermc_ecumenical_altar_petra,
          uniq_terence
D:3:      layout_loops_ring, mainiacjoe_overflow_alcove_4,
          gup_sewer_entry_spiral
D:4:      layout_basic, minmay_quantized

Skill      XL: |  1  2  3  4  5 |
---------------+----------------+-----
Invocations    | 1 2 |  2.1
Short Blades   | 1 2 |  2.0
Long Blades    | 1 2 |  2.0
Maces & Flails | 1 2 |  2.0
Polearms       | 1 2 |  2.0
Staves         | 1 2 |  2.0
Ranged Weapons | 1 2 |  2.0
Throwing       | 1 2 |  2.0
Dodging        | 1 2 |  2.0
Stealth        | 1 2 |  2.0
Unarmed Combat | 1 2 |  2.0
Spellcasting   | 1 2 |  2.0
Evocations     | 1 2 |  2.0
Conjurations   | 1 |  1.5
Hexes          | 1 |  1.5
Summonings     | 1 |  1.5
Necromancy     | 1 |  1.5
Translocations | 1 |  1.5
Transmutations | 1 |  1.5
Fire Magic     | 1 |  1.5
Ice Magic      | 1 |  1.5
Air Magic      | 1 |  1.5
Earth Magic    | 1 |  1.5
Poison Magic   | 1 |  1.5
Axes           | 5 |  5.0
Fighting       | |  6.8
Armour         | |  6.8
Shields        | |  6.8

Action                   |  1- 3 |  4- 6 || total
-------------------------+-------+-------++-------
Melee: War axe           |    97 |    73 ||   170
       Bite              |     6 |     6 ||    12
       Spear             |       |    35 ||    35
 Fire: Sling             |     4 |    62 ||    66
  Use: Scroll            |     6 |     4 ||    10
       Potion            |       |     1 ||     1
Armor: Scale mail        |    58 |    37 ||    95
Dodge: Dodged            |    59 |    36 ||    95
Block: Buckler           |    42 |    42 ||    84
